 Dungeon Crawl Stone Soup version 0.27-a0-679-g77a6b55cf3 (webtiles) character file.

Game seed: 16091848192379852438

72 jestyr24 the Conjurer (level 4, -2/31 HPs)
             Began as a Demonspawn Conjurer on Mar 18, 2021.
             Slain by Grinder (8 damage)
             ... on level 3 of the Dungeon.
             The game lasted 00:14:40 (2939 turns).

jestyr24 the Conjurer (Demonspawn Conjurer)         Turns: 2939, Time: 00:14:41

Health: -2/31      AC:  4    Str:  7    XL:     4   Next: 7%
Magic:  2/7        EV: 12    Int: 21    God:
Gold:   97         SH:  4    Dex: 17    Spells: 4/7 levels left

rFire    . . .     SeeInvis .   l - +1 spear (venom)
rCold    . . .     Faith    .   (no shield)
rNeg     . . .     Spirit   .   q - +0 robe
rPois    .         Reflect  .   o - +0 helmet
rElec    .         Harm     .   (no cloak)
rCorr    .         Rampage  .   (no gloves)
Will     .....                  j - +0 pair of boots
Stlth    ++........             k - amulet of the acrobat
HPRegen  0.10/turn              h - +6 ring of dexterity
MPRegen  0.10/turn              (no ring)

@: no status effects
A: condensation shield
a: no special abilities


You were on level 3 of the Dungeon.
You visited 1 branch of the dungeon, and saw 3 of its levels.

You collected 97 gold pieces.

Inventory:

Hand Weapons
 e - a +0 club
 g - a +0 mace
 l - a +1 spear of venom (weapon)
Armour
 a - a +0 robe
 j - a +0 pair of boots (worn)
 o - a +0 helmet (worn)
 q - a +0 robe (worn)
 s - a +0 leather armour
Magical Staves
 i - a staff of earth
Jewellery
 h - a +6 ring of dexterity (right hand)
 k - an amulet of the acrobat (around neck)
 m - an amulet of faith
Wands
 w - a wand of digging (6)
Scrolls
 d - a scroll of enchant armour {unknown}
 n - 2 scrolls of teleportation {unknown}
 r - a scroll of magic mapping {unknown}
 t - a scroll of silence {unknown}
 v - a scroll of vulnerability {unknown}
Potions
 b - 3 potions of curing {unknown}
 c - a potion of haste {unknown}
 f - a potion of resistance {unknown}
 p - a potion of might {unknown}
 u - a potion of brilliance {unknown}


   Skills:
 * Level 0.6 Fighting
 + Level 2.2 Dodging
 * Level 2.3 Stealth
 * Level 0.5 Shields
 * Level 2.4 Spellcasting
 * Level 4.7 Conjurations


You had 4 spell levels left.
You knew the following spells:

 Your Spells              Type           Power      Damage    Failure   Level
a - Magic Dart            Conj           88%        1d7       1%          1
b - Searing Ray           Conj           44%        3d4       3%          2

Your spell library contained the following spells:

 Spells                   Type           Power      Damage    Failure   Level
 Dazzling Flash           Conj/Hex       24%        N/A       16%         3
 Fulminant Prism          Conj/Hex       6%         3d7       47%         4
 Iskenderun's Mystic Bla  Conj/Tloc      12%        2d5       47%         4


Dungeon Overview and Level Annotations

Branches:
Dungeon (3/15)

Altars:

Annotations:
D:3 Grinder


Innate Abilities, Weirdness & Mutations

A meltable shield of frost defends you. (SH +4)


Message History

You closely miss the frilled lizard.
A bat comes into view.
The frilled lizard bites you.
Grinder says, "Don't move a muscle."
You hit the frilled lizard.
You kill the frilled lizard!
Casting: Magic Dart (safe; 1% risk of failure)
Confirm with . or Enter, or press ? or * to list all spells.
Aiming: Searing Ray (safe; 3% risk of failure)
Press: ? - help, Shift-Dir - straight line, f/p - Grinder
Aim: Grinder (lightly wounded, 25% to evade)
The searing ray hits Grinder!
Grinder is moderately wounded. (Press . to maintain the ray.)
The searing ray misses Grinder.
The searing ray misses Grinder.
Grinder misses you.
The searing ray misses Grinder.
You finish channeling your searing ray.
Grinder completely misses you.
Casting: Searing Ray (safe; 3% risk of failure)
Confirm with . or Enter, or press ? or * to list all spells.
You don't have enough magic to cast this spell.
Found a ruby potion.
Grinder gestures at you. Pain shoots through your body!
You are too injured to fight recklessly!
You are too injured to fight recklessly!
Reach: l) +1 spear (venom)
Press: ? - help, Dir - move target, f/p - Grinder
Aim: Grinder (moderately wounded, about 40% to evade your +1 spear of venom)
You reach to attack!
You hit Grinder.
Grinder is heavily wounded.
Grinder blinks!
Grinder hits you!
* * * LOW HITPOINT WARNING * * *
You writhe in agony.
* * * LOW HITPOINT WARNING * * *
You hit Grinder but do no damage.
Grinder is heavily wounded.
Grinder hits you!
You die...

.........###....†..
#...............###
#......#.###...##
#........# ##.## ###.#.#
#.# #.....# #.# #§#.###
##'## #.#.#####.###...##
#.#@......##.....##
#.##5######.......##
##.####.#...####.........#
..l....†.......'.........'
......<.....####.........#
.....##.##.## ##.......##
#.#.b #.##.# ##.....## #
#. #<.#.# ##...## # ##.#.#
##'##


You could see Grinder.

Vanquished Creatures
  2 adders (D:2)
  A worm (D:1)
  A leopard gecko (D:2)
  An orc (D:2)
  7 bats
  5 giant cockroaches
  6 hobgoblins
  4 kobolds (D:2)
  A quokka (D:3)
  3 ball pythons
  8 frilled lizards
  3 goblins
  6 rats
48 creatures vanquished.

Notes
Turn   | Place    | Note
-------+----------+-------------------------------------------
     0 | D:1      | jestyr24 the Demonspawn Conjurer began the quest for the
                  | Orb.
     0 | D:1      | Reached XP level 1. HP: 13/13 MP: 3/3
   623 | D:1      | Gained mutation: A meltable shield of frost defends you.
                  | (SH +4) [demonic ancestry]
   623 | D:1      | Reached XP level 2. HP: 19/19 MP: 1/5
  1473 | D:1      | Learned a level 2 spell: Searing Ray
  1580 | D:2      | Reached XP level 3. HP: 18/25 MP: 6/6
  2758 | D:3      | Reached XP level 4. HP: 31/31 MP: 5/7
  2912 | D:3      | Noticed Grinder
  2916 | D:3      | Paralysed by Grinder for 7 turns
  2939 | D:3      | Slain by Grinder

Illustrated notes

Levels and vault maps discovered:
D:1:      minmay_arrival_up_and_down, layout_loops_ring
D:2:      minmay_chambers_of_ones, layout_loops_ring,
          chequers_serial_rivers_small_b, grunt_ministairs_6,
          hangedman_abyss_or_decor_stabs
D:3:      layout_loops_corners, uniq_grinder

Skill      XL: |  1  2 |
---------------+-------+-----
Dodging        | 2 |  2.2
Stealth        | 2 |  2.3
Fighting       | |  0.6
Shields        | |  0.5
Spellcasting   | |  2.4
Conjurations   | |  4.7

Action                   |  1- 3 |  4- 6 || total
-------------------------+-------+-------++-------
Melee: Unarmed           |    21 |       ||    21
       Spear             |    81 |    12 ||    93
       Mace              |    15 |       ||    15
 Cast: Magic Dart        |    22 |     2 ||    24
       Searing Ray       |       |     1 ||     1
 Stab: Sleeping          |     6 |     1 ||     7
       Distracted        |     1 |       ||     1
Armor: Robe              |    35 |     2 ||    37
Dodge: Dodged            |    59 |     5 ||    64
Block: Other             |    16 |     1 ||    17

Table legend: (Time is in decaauts)
 A = Elapsed time spent in this place.
 B = Non-inter-level travel time spent in this place.
 C = Inter-level travel time spent in this place.
 D = Time resting spent in this place.
 E = Time spent auto-exploring this place.
 F = Levels seen in this place.
 G = Mean time per level.
                   A        B        C        D        E       F      G
               +--------+--------+--------+--------+--------+-----+--------+
         Total |   2953 |   2903 |     50 |    800 |   1524 |   3 |  984.3 |
       Dungeon |   2953 |   2903 |     50 |    800 |   1524 |   3 |  984.3 |
               +--------+--------+--------+--------+--------+-----+--------+

Top non-repeatable levels by time:
     D:1: 1461 daAuts
     D:2: 1212 daAuts
     D:3: 280 daAuts
